 Dungeon Crawl Stone Soup version 0.20.0-15-g7f486f2 (webtiles) character file.

3244 anfisbena the Carver (level 9, 0/49 HPs)
             Began as a Vine Stalker Fighter on June 19, 2017.
             Was a Follower of Uskayaw.
             Slain by a killer bee (3 damage)
             ... on level 8 of the Dungeon.
             The game lasted 00:09:53 (6059 turns).

anfisbena the Carver (Vine Stalker Fighter)         Turns: 6059, Time: 00:09:54

Health: 0/49       AC: 13    Str: 24    XL:     9   Next: 99%
Magic:  0/10       EV: 13    Int: 10    God:    Uskayaw [*.....]
Gold:   427        SH: 12    Dex: 25    Spells: 8/8 levels left

rFire    . . .     SeeInvis +   a - +0 long sword
rCold    . . .     Gourm    .   c - +0 shield
rNeg     . . .     Faith    .   b - +0 scale mail
rPois    .         Spirit   +   m - +0 helmet
rElec    .         Reflect  .   (no cloak)
rCorr    .         Harm     .   (no gloves)
MR       +....                  h - +1 pair of boots
Stlth    ++........             (no amulet)
Regen    0.6/turn               A - +3 ring of dexterity
MPRegen  0.2/turn               (no ring)

@: mighty, agile
A: fangs 3, talons 1, yellow scales 1, see invisible, clever 1, sense
surroundings 1, regeneration 1, magic shield, antimagic bite, no potion heal 3,
rot immunity
a: Stomp, Renounce Religion


You were on level 8 of the Dungeon.
You worshipped Uskayaw.
Uskayaw was noncommittal.
You were near starving.

You visited 2 branches of the dungeon, and saw 9 of its levels.

You collected 427 gold pieces.

Inventory:

Hand Weapons
 a - a +0 long sword (weapon)
Armour
 b - a +0 scale mail (worn)
 c - a +0 shield (worn)
 h - a +1 pair of boots (worn)
 m - a +0 helmet (worn)
Jewellery
 A - a +3 ring of dexterity (left hand)
 I - an uncursed ring of flight {unknown}
Wands
 k - a wand of confusion (20/48)
 D - a wand of flame (24/48)
 G - a wand of flame (32/48)
 J - a wand of enslavement (11/24)
Scrolls
 e - 14 scrolls of identify {unknown}
 i - 2 scrolls of recharging {unknown}
 n - 2 scrolls of noise {unknown}
 o - a scroll of fear {unknown}
 p - a scroll of fog {unknown}
 s - a scroll of magic mapping {unknown}
 v - a scroll of enchant armour {unknown}
 y - 2 scrolls of remove curse {unknown}
 B - a scroll of amnesia {unknown}
 H - 3 scrolls of immolation {unknown}
Potions
 d - 3 potions of might
 g - a potion of curing
 q - 3 potions of agility
 t - 2 potions of degeneration {unknown}
 u - a potion of berserk rage {unknown}
 w - a potion of invisibility {unknown}
 x - a potion of heal wounds {unknown}
 z - 3 potions of brilliance {unknown}
 C - 2 potions of haste {unknown}
 E - a potion of magic {unknown}
 F - 2 potions of flight {unknown}
Comestibles
 f - 9 bread rations
 j - 2 royal jellies
 l - 5 meat rations
 r - 4 fruits


   Skills:
 + Level 6.4 Fighting
 - Level 8.0 Long Blades
 + Level 5.6 Armour
 + Level 6.2 Shields


You had 8 spell levels left.
You didn't know any spells.

Dungeon Overview and Level Annotations

Branches:
Dungeon (8/15)             Temple (1/1) D:5
   Lair: D:8-11

Altars:
Cheibriados
Elyvilon
Fedhas
Hepliaklqana
Kikubaaqudgha
Nemelex Xobeh
Okawaru
Qazlal
Sif Muna
Trog
Uskayaw
Vehumet
Xom
The Shining One

Shops:
D:4 !   D:5 [


Innate Abilities, Weirdness & Mutations

You have razor-sharp teeth.
Your natural rate of healing is unusually fast.
When hurt, damage is shared between your health and your magic reserves.
Your bite disrupts and absorbs the magic of your enemies.
Potions cannot restore your health.
You are immune to rotting.
You have sharp toenails.
You are partially covered in yellow scales. (AC +2)
You have supernaturally acute eyesight. (SInv)
Your mind is acute. (Int +2)
You passively map a small area around you.


Message History

You barely miss the killer bee. Your bite misses the killer bee.
The killer bee closely misses you.
You riposte.
You closely miss the killer bee. Your bite misses the killer bee.
The killer bee stings you but does no damage.
You block the killer bee's attack.
You feel sick. The killer bee closely misses you. x2
You block the killer bee's attack. The killer bee stings you.
* * * LOW HITPOINT WARNING * * *
The killer bee is no longer berserk.
The killer bee misses you. The killer bee closely misses you.
You block the killer bee's attack. x2
The killer bee stings you.
* * * LOW HITPOINT WARNING * * *
You are lethally poisoned!
The killer bee poisons you! You block the killer bee's attack.
You can no longer pass through a line of other dancers.
Your system rejects the healing.
You feel better.
The killer bee stings you but does no damage.
You block the killer bee's attack. x2
The killer bee is no longer berserk.
The killer bee stings you!
You die...

, #...# #.#..# # <..
... ,* #.### #.##.#
##( ### #.#####.##.#
#. #....>..##.# ### *
* * ##...#.###.# #..
##..#.# #.# * #.. ,
#..#.# #.# #... ,
#..#.# #.# * .#.. ,
#..#@# #.# #.. , *
,** #..#y# #.# #.#..
* + *###.y#.# #.#
#.#.. *
.###...yyy###.#####
#.#..
......Z.yy.##...))#
#.#.. , ,
#####..##.######(#
#.#.. , #..# #..##.#
#(# #.#.. ., #..#
#...#.######(####.#..
. ##..#
#.#.........)((((((..


You could see 5 killer bees.

Vanquished Creatures
  An unseen horror (D:7)
  A queen bee (D:8)
  Grinder (D:4)
  A hippogriff (D:7)
  An orc warrior (D:7)
  3 sky beasts
  An ogre (D:4)
  3 centaurs
  2 big kobolds
  A bullfrog (D:8)
  6 killer bees (D:8)
  A howler monkey (D:8)
  2 crimson imps (D:5)
  A centaur zombie (D:6)
  2 jellies
  3 orc wizards
  6 orc priests
  A bullfrog skeleton (D:4)
  2 iguanas
  7 worker ants
  A hound zombie (D:6)
  A hound skeleton (D:5)
  A worker ant zombie (D:5)
  3 gnolls
  4 adders
  An ooze (D:3)
  2 adder skeletons (D:5)
  A worm (D:4)
  A dart slug (D:1)
  3 leopard geckos
  28 orcs
  A ball python (D:4)
  6 bats
  20 giant cockroaches
  14 goblins
  12 hobgoblins
  9 jackals
  2 quokkas
  5 frilled lizards
  9 kobolds
  6 rats
176 creatures vanquished.

Vanquished Creatures (others)
  An orc wizard (D:4)
1 creature vanquished.

Grand Total: 177 creatures vanquished

Notes
Turn   | Place    | Note
-------+----------+-------------------------------------------
     0 | D:1      | anfisbena the Vine Stalker Fighter began the quest for the Orb.
     0 | D:1      | Reached XP level 1. HP: 11/11 MP: 2/2
   298 | D:1      | Reached skill level 2 in Long Blades
   431 | D:1      | Reached XP level 2. HP: 16/16 MP: 1/3
   990 | D:2      | Found a stormy altar of Qazlal.
   992 | D:2      | Noticed an earth elemental
   993 | D:2      | Noticed an air elemental
   993 | D:2      | Noticed a fire elemental
   993 | D:2      | Noticed a water elemental
  1033 | D:2      | Reached skill level 3 in Long Blades
  1207 | D:2      | Reached XP level 3. HP: 17/19 MP: 4/4
  1787 | D:3      | Noticed a big kobold
  1816 | D:3      | Killed a big kobold
  1816 | D:3      | Reached skill level 4 in Long Blades
  1816 | D:3      | Gained mutation: Your natural rate of healing is unusually fast. [Vine Stalker growth]
  1816 | D:3      | Reached XP level 4. HP: 11/23 MP: 5/5
  1816 | D:3      | Reached XP level 5. HP: 14/27 MP: 6/6
  2053 | D:3      | Found a white marble altar of Elyvilon.
  2316 | D:4      | Reached skill level 5 in Long Blades
  2446 | D:4      | Found a bloodstained altar of Trog.
  2521 | D:4      | Reached XP level 6. HP: 32/32 MP: 7/7
  2538 | D:4      | Reached skill level 6 in Long Blades
  2645 | D:4      | Found Cowaheh's Distillery.
  2702 | D:4      | Reached XP level 7. HP: 35/35 MP: 8/8
  2703 | D:4      | Noticed Grinder
  2706 | D:4      | Paralysed by Grinder for 3 turns
  2729 | D:4      | Killed Grinder
  2729 | D:4      | Reached skill level 7 in Long Blades
  3414 | D:5      | Entered Level 5 of the Dungeon
  3488 | D:5      | Reached skill level 8 in Long Blades
  3559 | D:5      | Found Wyr Ruig's Armour Emporium.
  3580 | D:5      | Gained mutation: You have razor-sharp teeth. [Vine Stalker growth]
  3580 | D:5      | Reached XP level 8. HP: 39/39 MP: 9/9
  3958 | D:5      | Gained mutation: Your mind is acute. (Int +2) [mutagenic meat]
  3959 | D:5      | Gained mutation: You passively map a small area around you. [mutagenic meat]
  3960 | D:5      | Gained mutation: You are agile. (Dex +2) [mutagenic meat]
  3961 | D:5      | Gained mutation: You have sharp toenails. [mutagenic meat]
  4039 | D:5      | Found a staircase to the Ecumenical Temple.
  4108 | Temple   | Entered the Ecumenical Temple
  4260 | Temple   | Became a worshipper of Uskayaw the Reveler
  4402 | D:6      | Reached * piety under Uskayaw
  4425 | D:6      | Reached ** piety under Uskayaw
  4646 | D:6      | Reached *** piety under Uskayaw
  4650 | D:6      | Reached **** piety under Uskayaw
  4820 | D:6      | Gained mutation: You are partially covered in yellow scales. (AC +2) [mutagenic meat]
  4821 | D:6      | Gained mutation: You are resistant to hostile enchantments. (MR+) [mutagenic meat]
  4822 | D:6      | Lost mutation: You are resistant to hostile enchantments. (MR+) [mutagenic meat]
  4823 | D:6      | Gained mutation: You have supernaturally acute eyesight. (SInv) [mutagenic meat]
  4824 | D:6      | Lost mutation: You are agile. (Dex +2) [mutagenic meat]
  5161 | D:7      | Reached XP level 9. HP: 44/46 MP: 10/10
  5309 | D:7      | Noticed an unseen horror
  5383 | D:7      | Reached skill level 5 in Fighting
  5383 | D:7      | Reached skill level 5 in Shields
  5389 | D:7      | Reached ***** piety under Uskayaw
  5510 | D:7      | Found a sparkling altar of Nemelex Xobeh.
  5602 | D:7      | Killed an unseen horror
  5602 | D:7      | Reached skill level 5 in Armour
  6006 | D:8      | Noticed a queen bee
  6044 | D:8      | Killed a queen bee
  6044 | D:8      | HP: 2/49 [poisoned by a killer bee]
  6050 | D:8      | HP: 2/49 [poisoned by a killer bee]
  6055 | D:8      | HP: 2/49 [killer bee (1)]
  6059 | D:8      | Slain by a killer bee

Skill      XL: |  1  2  3  4  5  6  7  8  9 |
---------------+----------------------------+-----
Long Blades    | 2 3 4 5 6 8 |  8.0
Fighting       | 4 6 |  6.4
Shields        | 4 6 |  6.2
Armour         | 4 5 |  5.6

Action                   |  1- 3 |  4- 6 |  7- 9 || total
-------------------------+-------+-------+-------++-------
Melee: Long sword        |   134 |   112 |   364 ||   610
       Bite              |    37 |    38 |   153 ||   228
  Use: Potion            |       |       |     4 ||     4
 Stab: Paralysed         |       |       |    10 ||    10
  Eat: Chunk             |     2 |     4 |    18 ||    24
       Royal jelly       |       |       |     1 ||     1
Armor: Scale mail        |    94 |    44 |   156 ||   294
Dodge: Dodged            |    46 |    45 |   102 ||   193
Block: Shield            |   105 |    52 |   218 ||   375
       Rpst.: Long sword |    12 |    13 |    32 ||    57
